AoeStats
← Jok3R

Arabia

507543297Analyzed
1v1 RM · 12d ago on Sep 18, 2026· 71m 30s· 2 players
Game mode
Random Map
Map size
Tiny (2 player)
Population
200
Speed
Normal
Resources
Standard
Victory
Conquest
Starting age
Dark Age
Ending age
Imperial Age
RankedLock teamsTeams togetherTeam positionsShared explorationLock speedFull tech treeHidden civsTurbo modeCheats
Victory
Defeat
🇦🇷 Ethiopians · Argentina
700
+17
🇩🇪 Teutons · Germany
731
-17
nozigliajeremias3
9:50 Feudal Age
14:56 Fletching
15:06 Padded Archer Armor
25:39 Castle Age
26:33 Crossbowman
27:31 Forging
29:04 Bodkin Arrow
41:02 Imperial Age
42:36 Bracer
42:53 Leather Archer Armor
50:10 Ballistics
66:24 Ring Archer Armor
66:01 Scale Barding Armor
69:43 Loom
Jok3R
6:18 Loom
10:24 Feudal Age
11:12 Double-Bit Axe
11:52 Horse Collar
13:06 Bloodlines
22:49 Castle Age
24:07 Gold Mining
26:43 Forging
27:08 Scale Barding Armor
30:18 Pikeman
31:00 Squires
34:38 Fletching
38:29 Scale Mail Armor
39:50 Chain Mail Armor
39:15 Elite Skirmisher
48:59 Padded Archer Armor
48:56 Bodkin Arrow
59:54 Chain Barding Armor
Connection lost

Rejoining the realm…

Still unreachable

The connection could not be restored.

Session expired

The server has moved on; the page needs a fresh start.